 Dungeon Crawl Stone Soup version 0.27-a0-1312-g5cdb2b3542 (webtiles) character file.

Game seed: 10930205771597276993

3478 Demosthentine the Spear-Bearer (level 10, -1/80 HPs)
             Began as a Merfolk Gladiator on June 20, 2021.
             Was a Follower of the Shining One.
             Slain by a meliai (11 damage)
             ... on level 7 of the Dungeon.
             The game lasted 00:12:10 (10532 turns).

Demosthentine the Spear-Bearer (Merfolk Gladiator) Turns: 10532, Time: 00:12:11

Health: -1/80      AC: 10    Str: 16    XL:     10   Next: 7%
Magic:  10/10      EV: 32    Int:  8    God:    the Shining One [*.....]
Gold:   370        SH:  0    Dex: 17    Spells: 9/9 levels left

rFire    + . .     SeeInvis .   m - +0 spear
rCold    . . .     Faith    .   (no shield)
rNeg     . . .     Spirit   .   q - +0 leather armour {rF+}
rPois    .         Reflect  .   j - +2 helmet
rElec    .         Harm     .   n - +0 cloak
rCorr    .         Rampage  .   o - +0 pair of gloves
Will     .....                  w - +0 pair of boots
Stlth    +.........             A - amulet of the acrobat
HPRegen  0.23/turn              (no ring)
MPRegen  0.12/turn              (no ring)

@: on berserk cooldown, acrobatic, slowed, glowing, very slow
A: (nimble swimmer 2), mertail
a: Renounce Religion


You were on level 7 of the Dungeon.
You worshipped the Shining One.
The Shining One was aware of your devotion.
You visited 2 branches of the dungeon, and saw 8 of its levels.
You also visited: Sewer.

You collected 458 gold pieces.
You spent 88 gold pieces at shops.

Inventory:

Hand Weapons
 m - a +0 spear (weapon)
Missiles
 d - 4 throwing nets (quivered)
 y - a curare-tipped dart
Armour
 j - a +2 helmet (worn)
 n - a +0 cloak (worn)
 o - a +0 pair of gloves (worn)
 q - a +0 leather armour of fire resistance (worn)
 w - a +0 pair of boots (worn)
Jewellery
 A - an amulet of the acrobat (around neck)
 D - a ring of magical power
Wands
 c - a wand of flame (8)
 p - a wand of iceblast (5)
Scrolls
 e - a scroll of enchant weapon
 g - 3 scrolls of fear
 h - 5 scrolls of enchant armour
 k - a scroll of amnesia
 z - 2 scrolls of identify
 C - a scroll of torment {unknown}
 E - a scroll of teleportation
Potions
 a - a potion of mutation
 b - a potion of berserk rage
 f - 4 potions of lignification
 i - 3 potions of brilliance
 l - 9 potions of curing
 r - a potion of resistance
 s - 3 potions of might {unknown}
 t - a potion of haste {unknown}
 u - 2 potions of attraction {unknown}
 v - a potion of cancellation
 x - 3 potions of heal wounds
 B - 5 potions of flight {unknown}


   Skills:
 + Level 8.0 Fighting
 + Level 10.8 Polearms
 - Level 2.0 Throwing
 + Level 5.1 Armour
 + Level 10.0 Dodging


You had 9 spell levels left.
You didn't know any spells.
Your spell library was empty.

Dungeon Overview and Level Annotations

Branches:
Dungeon (7/15)             Temple (1/1) D:5           Sewer (visited)

Altars:
Ashenzari
Cheibriados
Dithmenos
Elyvilon
Fedhas
Gozag
Hepliaklqana
Kikubaaqudgha
Makhleb
Nemelex Xobeh
Okawaru
Qazlal
Ru
Sif Muna
Trog
Uskayaw
Vehumet
Wu Jian
Xom
Yredelemnul
Zin
The Shining One

Shops:
D:4 *   D:7 :


Innate Abilities, Weirdness & Mutations

((You are quick and stealthy near water. (Stealth+, EV+, Speed+++)))
Your lower body shifts to a powerful aquatic tail in water.


Message History

You are too injured to fight recklessly!
You are too injured to fight recklessly!
You are too injured to fight recklessly!
You are too injured to fight recklessly!
You are too injured to fight recklessly!
You are too injured to fight recklessly!
You are too injured to fight recklessly!
You are too injured to fight recklessly!
You are too injured to fight recklessly!
You are too injured to fight recklessly!
You are too injured to fight recklessly!
You are too injured to fight recklessly!
You are too injured to fight recklessly!
You are too injured to fight recklessly!
You are too injured to fight recklessly!
Unknown command.
Your legs become a tail as you enter the water.
Your +0 pair of boots melds into your body.
The meliai invokes the aid of its god against you.
Something smites you!
Your +0 pair of boots unmelds from your body.
The meliai mumbles some strange prayers to its god against you.
Something smites you!
* * * LOW HITPOINT WARNING * * *
The orc wizard mumbles some strange words.
The orc wizard flickers and vanishes!
The skeletal warrior completely misses you.
The skeletal warrior misses you.
The skeletal warrior hits you with a +0 mace.
* * * LOW HITPOINT WARNING * * *
The meliai invokes the aid of its god against you.
Something smites you!
* * * LOW HITPOINT WARNING * * *
You feel much better.
The skeletal warrior hits you with a +0 mace!!
* * * LOW HITPOINT WARNING * * *
The meliai completely misses you.
The meliai stings you but does no damage.
The meliai hits you with a +0 hand axe!
You die...

...###
###...#♣♣♣≈♣#♣♣T.# D.y.
.....##### #...#♣P≈♣♣
♣..# ...
.........####...#♣≈P♣
♣..+#####
...#.......[....#≈♣♣♣
♣........
...####.......(.#♣≈P♣♣#
♣........ ..##
####......#♣P†≈≈#
♣♣♣♣♣♣.♣♣ ..#
##.....#♣♣.♣♣# ♣.♣ .##
###....zy#####
#######.## .#
##........@..#
#♣...♣♣...♣ ##
####.....#....###
#.♣♣♣..♣♣♣.
####.....####...## #.♣
♣..♣ ♣. ......####
##)## #.♣♣♣..♣♣♣.
.!...## #.##
#♣...♣♣...♣ ##..## #..#
#######)## #..## #..#
....[..... ##..# ##..#
#......... ##.##
###...## ##..####...


You could see a skeletal warrior and a meliai.

Vanquished Creatures
  Grinder (D:5)
  2 wyverns
  Menkaure (D:4)
  A water moccasin (D:7)
  3 orc warriors (D:7)
  A sky beast (D:3)
  A hornet zombie (D:6)
  A black bear (D:6)
  A necrophage (D:4)
  A centaur (D:6)
  2 ogres
  A phantom (D:7)
  4 kobold brigands (Sewer)
  2 bullfrogs
  5 scorpions
  2 water moccasin skeletons
  An electric eel (D:7)
  3 centaur zombies
  3 hounds (D:6)
  2 jellies
  A bullfrog skeleton (D:6)
  An orc priest (D:5)
  Crazy Yiuf (D:2)
  A centaur skeleton (D:7)
  An iguana (D:6)
  Natasha (thrice) (D:3)
  4 orc wizards
  Ijyb (D:3)
  A killer bee zombie (D:7)
  A hound skeleton (D:5)
  8 gnolls
  12 adders
  A river rat (D:6)
  A shadow imp (D:7)
  An ufetubus (D:4)
  An adder zombie (D:5)
  2 worms
  3 dart slugs
  24 orcs
  5 bats
  4 endoplasms
  6 giant cockroaches
  8 goblins
  8 hobgoblins
  3 jackals (D:1)
  6 quokkas
  11 ball pythons
  6 frilled lizards
  13 kobolds
  6 rats
182 creatures vanquished.

Vanquished Creatures (others)
  3 plants
3 creatures vanquished.

Grand Total: 185 creatures vanquished

Notes
Turn   | Place    | Note
-------+----------+-------------------------------------------
     0 | D:1      | Demosthentine the Merfolk Gladiator began the quest for the
                  | Orb.
     0 | D:1      | Reached XP level 1. HP: 16/16 MP: 1/1
   142 | D:1      | Reached XP level 2. HP: 23/23 MP: 2/2
   440 | D:1      | Reached XP level 3. HP: 28/28 MP: 3/3
   818 | D:2      | Reached skill level 5 in Polearms
   956 | D:2      | Reached skill level 1 in Armour
  1160 | D:2      | Reached XP level 4. HP: 34/34 MP: 4/4
  1337 | D:2      | Found a runed translucent door.
  1338 | D:2      | Noticed Crazy Yiuf
  1601 | D:2      | Killed Crazy Yiuf
  1789 | D:3      | Reached skill level 5 in Dodging
  1847 | D:3      | Noticed a sky beast
  1891 | D:3      | Killed a sky beast
  1892 | D:3      | Reached XP level 5. HP: 21/42 MP: 5/5
  2047 | D:3      | Noticed Ijyb
  2056 | D:3      | Killed Ijyb
  2057 | D:3      | Reached XP level 6. HP: 40/48 MP: 6/6
  2129 | D:3      | Noticed Natasha
  2137 | D:3      | Killed Natasha
  2693 | D:3      | Noticed Natasha
  2697 | D:3      | Killed Natasha
  2721 | D:3      | Noticed Natasha
  2727 | D:3      | Killed Natasha
  3035 | D:4      | Found Cecuff's General Store.
  3038 | D:4      | Bought a potion of cancellation for 88 gold pieces
  3066 | D:4      | Noticed Menkaure
  3081 | D:4      | Killed Menkaure
  3082 | D:4      | Reached XP level 7. HP: 25/55 MP: 7/7
  3822 | D:4      | Reached skill level 5 in Fighting
  4149 | D:5      | Entered Level 5 of the Dungeon
  4212 | D:5      | Reached XP level 8. HP: 35/62 MP: 8/8
  4512 | D:5      | HP: 3/62 [poisoned by a scorpion]
  4855 | D:5      | Found a broken altar of Ashenzari.
  4929 | D:5      | Identified the +6 hunting sling of Daguon {venom, rF+
                  | Int+4}
  4936 | D:5      | Found a staircase to the Ecumenical Temple.
  4950 | Temple   | Entered the Ecumenical Temple
  5166 | Temple   | Became a worshipper of the Shining One
  5274 | D:5      | Found a large runed translucent door.
  5275 | D:5      | Found a large runed translucent door.
  5285 | D:5      | Identified the +1 scale mail of the Tick {Will++}
  5385 | D:5      | Noticed Grinder
  5396 | D:5      | Paralysed by Grinder for 7 turns
  5436 | D:5      | Killed Grinder
  5825 | D:5      | Noticed a wyvern
  5844 | D:5      | Killed a wyvern
  6295 | D:5      | Found a white marble altar of Elyvilon.
  6309 | D:5      | Found a bloodstained altar of Trog.
  6523 | D:6      | Found a blossoming altar of Fedhas.
  6555 | D:6      | Found a sparkling altar of Nemelex Xobeh.
  6603 | D:6      | Found a glowing drain.
  6662 | Sewer    | Entered a sewer
  6801 | Sewer    | Reached XP level 9. HP: 58/71 MP: 9/9
  7491 | D:6      | Found a glowing silver altar of Zin.
  8303 | D:6      | Found a shimmering altar of Xom.
  9252 | D:7      | Reached skill level 10 in Polearms
  9601 | D:7      | Reached * piety under the Shining One
  9799 | D:7      | Found Peudd's Book Shop.
  9999 | D:7      | Identified the +3 quarterstaff "Vyckodizugh" {antimagic,
                  | rElec rPois rF++ Str+4 Dex-3}
 10472 | D:7      | Noticed a skeletal warrior
 10472 | D:7      | Noticed a troll
 10472 | D:7      | Noticed a meliai
 10484 | D:7      | Reached skill level 5 in Armour
 10487 | D:7      | Reached XP level 10. HP: 80/80 MP: 10/10
 10505 | D:7      | Reached skill level 10 in Dodging
 10532 | D:7      | Slain by a meliai

Illustrated notes

Levels and vault maps discovered:
D:1:      dpeg_arrival_radiant, layout_loops_ring, serial_bayou_pond_a
D:2:      layout_basic, st_stairs_12, minivault_26, uniq_crazy_yiuf_cottage
D:3:      layout_loops_ring, uniq_ijyb, uniq_natasha
D:4:      layout_loops_ring, serial_shops, kennysheep_mini_moat, uniq_menkaure
D:5:      layout_basic, cheibrodos_ashenzari_chains, jmf_multi_god_temple2,
          minmay_temple_entry_hall, serial_park_tiny_2,
          minmay_misc_feat_more_columns, uniq_grinder
D:6:      layout_basic, jmf_multi_god_temple, old_standard_altar,
          overflow_temple_1_default, portal_sewer_entry_b
D:7:      nzn_winding_woodlands_cross [nzn_winding_woodlands_5x15_concentric,
          nzn_winding_woodlands_5x15_lazy_stream,
          nzn_winding_woodlands_5x15_river_crossing,
          nzn_winding_woodlands_5x15_zeroes,
          nzn_winding_woodlands_15x15_killbox], layout_layer_cave, serial_shops,
          kennysheep_little_box, nicolae_shop_waterfront, kennysheep_mini
Temple:   regret_index_temple_generic_petals

Skill      XL: |  1  2  3  4  5  6  7  8  9 10 |
---------------+-------------------------------+-----
Polearms       | 5 6 7 9 10 | 10.8
Armour         | 1 2 3 4 5 |  5.1
Fighting       | 3 4 5 6 7 8 |  8.0
Dodging        | 5 6 7 8 9 10 | 10.0
Throwing       | |  2.0

Action                   |  1- 3 |  4- 6 |  7- 9 | 10-12 || total
-------------------------+-------+-------+-------+-------++-------
Melee: Trident           |    84 |   156 |    21 |       ||   261
       Spear             |       |       |   962 |    30 ||   992
       Tailslap          |       |       |    14 |       ||    14
Throw: Throwing net      |       |     1 |     2 |       ||     3
  Use: Scroll            |     4 |     7 |     7 |       ||    18
       Potion            |       |     2 |     2 |     1 ||     5
 Stab: Sleeping          |     3 |       |     2 |       ||     5
       Distracted        |       |     1 |       |       ||     1
Armor: Leather armour    |    16 |    39 |   169 |     2 ||   226
Dodge: Dodged            |    48 |    76 |   511 |     9 ||   644

Table legend: (Time is in decaauts)
 A = Elapsed time spent in this place.
 B = Non-inter-level travel time spent in this place.
 C = Inter-level travel time spent in this place.
 D = Time resting spent in this place.
 E = Time spent auto-exploring this place.
 F = Levels seen in this place.
 G = Mean time per level.
                   A        B        C        D        E       F      G
               +--------+--------+--------+--------+--------+-----+--------+
         Total |  10127 |   9879 |    248 |     21 |   8127 |   9 | 1125.2 |
       Dungeon |   9345 |   9118 |    227 |     21 |   7506 |   7 | 1335.0 |
        Temple |    242 |    221 |     21 |      0 |    194 |   1 |  242.0 |
         Sewer |    539 |    539 |      0 |      0 |    426 |   1 |  539.0 |
               +--------+--------+--------+--------+--------+-----+--------+

Top non-repeatable levels by time:
     D:5: 1911 daAuts
     D:6: 1758 daAuts
     D:7: 1551 daAuts
     D:4: 1339 daAuts
     D:3: 1128 daAuts
     D:2: 870 daAuts
     D:1: 785 daAuts
   Sewer: 539 daAuts
  Temple: 242 daAuts
